 Dungeon Crawl Stone Soup version 0.30-a0-322-g102857c98e (webtiles) character file.

Game seed: 10270934957103628491

8 ryw the Trooper (level 2, 24/24 HPs)
             Began as a Demonspawn Monk on Oct 27, 2022.
             Quit the game on level 1 of the Dungeon.
             The game lasted 00:00:39 (127 turns).

ryw the Trooper (Demonspawn Monk)                    Turns: 127, Time: 00:00:40

Health: 24/24      AC:  2    Str: 11    XL:     2   Next: 0%
Magic:  2/2        EV: 12    Int: 11    God:
Gold:   12         SH:  0    Dex: 15    Spells: 1/1 levels left

rFire   . . .      SeeInvis .    c - +0 sling
rCold   . . .      Faith    .    (no shield)
rNeg    . . .      Spirit   .    a - +0 robe
rPois   .          Reflect  .    (no helmet)
rElec   .          Harm     .    (no cloak)
rCorr   .          Rampage  .    (no gloves)
Will    .....                    (no boots)
Stlth   ++........               (no amulet)
HPRegen 0.24/turn                (no ring)
MPRegen 0.08/turn                (no ring)

@: no status effects
A: weakness stinger 1
a: no special abilities


You were on level 1 of the Dungeon.
You visited 1 branch of the dungeon, and saw 1 of its levels.

You collected 12 gold pieces.

Inventory:

Hand Weapons
 c - a +0 sling (weapon)
Missiles
 e - 2 poisoned darts
Armour
 a - a +0 robe (worn)
Potions
 b - a potion of ambrosia
 d - 2 potions of haste {unknown}


   Skills:
 + Level 3.5 Fighting
 - Level 2.6 Dodging
 - Level 1.7 Stealth
 - Level 2.6 Unarmed Combat


You had one spell level left.
You didn't know any spells.
Your spell library was empty.

Dungeon Overview and Level Annotations

Branches:
Dungeon (1/15)

Altars:


Innate Abilities, Weirdness & Mutations

You have a small tail.


Message History

Press: ? - help, Q - select action Shift-Dir - straight line, f/p - rat
Aim: a rat (moderately wounded, 56% to hit)
You shoot a sling bullet. The sling bullet hits the rat.
You kill the rat!
Fire: c) +0 sling
Press: ? - help, Q - select action Shift-Dir - straight line, f - you Really target yourself? [Y]es or [N]o only, please.
Really target yourself?
Okay, then.
Fire: c) +0 sling
Press: ? - help, Q - select action Shift-Dir - straight line, f - you Really target yourself?
Okay, then.
Fire: c) +0 sling
Press: ? - help, Q - select action Shift-Dir - straight line, f - you
Okay, then.
The rat closely misses you.
Fire: c) +0 sling
Press: ? - help, Q - select action Shift-Dir - straight line, f - rat
Aim: a rat (56% to hit)
You shoot a sling bullet.
The sling bullet hits the rat but does no damage.
The rat closely misses you. The rat bites you.
Fire: c) +0 sling
Press: ? - help, Q - select action Shift-Dir - straight line, f/p - rat
Aim: a rat (56% to hit)
You shoot a sling bullet. The sling bullet hits the rat.
You kill the rat!
You have reached level 2!
Your demonic ancestry asserts itself...
You grow a small tail.
Fire: c) +0 sling
Press: ? - help, Q - select action Shift-Dir - straight line, f - you Really target yourself?
Okay, then.
Found 3 poisoned darts.
You see here 2 poisoned darts.
e - 2 poisoned darts Are you sure you want to abandon this character and quit the game? (Confirm with "yes".)

###.#..............
#..................
#..................
#.................
#...............#
###.###################
#..# #.........## #.##
#...........
##.##########.@.........
#......>...............(
#############†........##
#.........# #.........#
#.........# #.........#
#.........# ###########


There were no monsters in sight!

Vanquished Creatures
  2 dart slugs (D:1)
  A ball python (D:1)
  A bat (D:1)
  2 rats (D:1)
6 creatures vanquished.

Notes
Turn   | Place    | Note
-------+----------+-------------------------------------------
     0 | D:1      | ryw the Demonspawn Monk began the quest for the Orb.
     0 | D:1      | Reached XP level 1. HP: 18/18 MP: 1/1
   119 | D:1      | Gained mutation: You have a small tail. [demonic ancestry]
   119 | D:1      | Reached XP level 2. HP: 23/24 MP: 2/2
   127 | D:1      | Quit the game

Illustrated notes

Levels and vault maps discovered:
D:1:      tarquinn_simple_flora_water_b, layout_rooms

Action                   || total
-------------------------++-------
 Fire: Sling             ||    18
Armor: Robe              ||     1
Dodge: Dodged            ||     8

Table legend: (Time is in decaauts)
 A = Elapsed time spent in this place.
 B = Non-inter-level travel time spent in this place.
 C = Inter-level travel time spent in this place.
 D = Time resting spent in this place.
 E = Time spent auto-exploring this place.
 F = Levels seen in this place.
 G = Mean time per level.
                   A        B        C        D        E       F      G
               +--------+--------+--------+--------+--------+-----+--------+
         Total |    133 |    133 |      0 |     12 |     63 |   1 |  133.0 |
       Dungeon |    133 |    133 |      0 |     12 |     63 |   1 |  133.0 |
               +--------+--------+--------+--------+--------+-----+--------+

Top non-repeatable levels by time:
     D:1: 133 daAuts
